Map: 파라 사이트 - 래더

Players

GuMiho

  • Race: Terran Terran
  • League: Grandmaster
  • Spawn Location: 5:00

RNK (SHIN) - Winner!

  • Race: Zerg Zerg
  • League: Grandmaster
  • Spawn Location: 11:00

Event: IEM Season 13 - Katowice Server Qualifiers Asia 2

VOD

Have the link to the VOD?

Description

Time

  • Played on: Jan. 22, 2019, 5:02 a.m.
  • Length: 20:38

All games in this series

Show
View Real Time Build Order
Export as new Build Order

GuMiho Terran 

Build Orders: Command Center First (CC), Hellion Banshee 

Get SALT Encoding   

  12  0:00  SCV  
  13  0:12  SCV  
  14  0:16  Supply Depot  
  14  0:25  SCV  
  15  0:38  SCV  
  16  0:50  SCV  
  17  0:58  Command Center  
  17  1:02  SCV  
  18  1:11  Barracks  
  18  1:15  SCV  
  19  1:20  Refinery  
  19  1:27  SCV  
  19  1:28  Refinery  
  20  1:39  SCV  
  21  1:51  SCV  
  22  1:58  Reaper  
  23  2:03  Orbital Command  
  23  2:09  Orbital Command  
  23  2:16  Factory  
  23  2:29  SCV  
  24  2:30  Barracks Reactor  
  24  2:36  SCV  
  25  2:44  Command Center  
  25  2:48  SCV  
  25  2:49  SCV  
  27  3:01  SCV  
  27  3:02  SCV  
  27  3:04  Supply Depot  
  29  3:09  Hellion x2  
  33  3:13  Starport  
  33  3:15  SCV  
  33  3:17  SCV  
  35  3:27  SCV  
  36  3:29  SCV  
  36  3:31  Barracks Tech Lab, Hellion x2  
  41  3:39  SCV  
  42  3:41  SCV  
  43  3:52  SCV, Hellion  
  46  3:56  Viking, SCV, Hellion  
  46  3:57  Orbital Command  
  46  3:58  Cloaking Field  
  46  4:02  Supply Depot  
  51  4:06  SCV  
  51  4:08  SCV  
  53  4:13  Hellion  
  55  4:17  Hellion  
  55  4:18  SCV, Orbital Command  
  55  4:20  SCV  
  59  4:24  Supply Depot  
  59  4:25  Banshee  
  59  4:26  Supply Depot  
  59  4:30  SCV  
  59  4:31  Armory, Barracks Tech Lab  
  63  4:32  SCV  
  64  4:43  SCV, Hellion x2  
  69  4:46  SCV  
  69  4:47  Refinery x2  
  69  4:49  Supply Depot  
  70  4:58  Factory  
  70  4:59  SCV x3  
  73  5:00  Factory  
  73  5:04  Barracks Tech Lab, Supply Depot  
  73  5:06  Hellion x2  
  77  5:11  SCV x2  
  79  5:14  SCV  
  80  5:21  Terran Vehicle And Ship Armor Level 1  
  80  5:22  Banshee  
  80  5:28  Hellion x2  
  87  5:29  SCV x2  
  87  5:31  Hyperflight Rotors  
  80  5:45  SCV x2  
  80  5:47  Cyclone  
  80  5:49  Hellion x2  
  81  5:50  SCV  
  77  5:57  SCV x2  
  77  6:02  SCV  
  77  6:03  Cyclone  
  83  6:06  Refinery  
  83  6:09  Refinery, SCV x2, Engineering Bay  
  85  6:11  Banshee  
  85  6:14  SCV, Hellion  
  91  6:21  SCV x2, Cyclone  
  91  6:24  Supply Depot  
  96  6:26  SCV  
  96  6:28  Supply Depot  
  97  6:33  SCV x2  
  97  6:36  Supply Depot, Hellion  
  101  6:42  Factory  
  101  6:44  Factory  
  101  6:46  Hellion, SCV, Supply Depot, Cyclone  
  107  6:48  Supply Depot  
  107  7:00  SCV x3  
  113  7:01  Cyclone  
  113  7:02  Hellion  
  113  7:03  Banshee  
  118  7:11  Missile Turret, Supply Depot  
  118  7:13  Missile Turret, Supply Depot  
  118  7:14  SCV x2, Supply Depot  
  120  7:17  SCV, Terran Vehicle And Ship Armor Level 2  
  121  7:24  Hellion x2, Cyclone  
  128  7:30  Factory Tech Lab x2, Infernal Pre-Igniter, Mag-Field Accelerator  
  131  7:46  Command Center  
  134  7:52  Banshee  
  134  7:56  Cyclone  
  140  8:02  Supply Depot  
  140  8:03  Thor x2  
  140  8:04  Supply Depot  
  146  8:06  Missile Turret  
  144  8:18  Thor  
  144  8:19  Command Center  
  148  8:27  Supply Depot  
  148  8:29  Hellion x2, Supply Depot x2  
  148  8:31  Siege Tank  
  155  8:41  Missile Turret, Banshee  
  158  8:49  Missile Turret  
  158  8:50  Siege Tank x2  
  158  8:51  Hellion x2  
  168  9:03  Siege Tank  
  168  9:05  Siege Tank  
  174  9:13  Hellion x2  
  178  9:27  Siege Tank x2  
  178  9:28  Banshee  
  187  9:36  Hellion  
  187  9:37  Siege Tank, Hellion  
  194  9:39  Terran Vehicle Weapons Level 1  
  194  9:58  Hellion  
  199  10:11  Planetary Fortress  
  199  10:17  Cyclone x2  
  200  10:31  Cyclone  
  198  10:40  Refinery  
  198  10:41  Cyclone  
  198  10:42  Hellion x2  
  176  10:44  Refinery  
  176  10:49  Cyclone x2  
  182  10:54  Command Center  
  182  10:55  Command Center, Missile Turret  
  182  10:57  Missile Turret  
  182  11:03  Cyclone  
  165  11:13  SCV x3, Cyclone  
  169  11:21  SCV, Cyclone x2  
  169  11:25  SCV x2  
  178  11:35  Terran Vehicle And Ship Armor Level 3, Cyclone  
  178  11:54  Cyclone x2  
  178  11:55  Hellion x2  
  178  11:56  Cyclone  
  191  12:08  Starport  
  191  12:10  Starport  
  191  12:16  Siege Tank  
  191  12:17  Hellion x2  
  198  12:26  Siege Tank x2  
  198  12:28  Siege Tank  
  191  12:42  Hellion x2  
  147  12:48  Siege Tank  
  132  12:58  Siege Tank  
  132  12:59  Hellion  
  132  13:00  Banshee, Cyclone  
  132  13:04  Hellion x2  
  147  13:06  Orbital Command x2  
  147  13:08  Starport Reactor, Starport Tech Lab  
  147  13:16  Sensor Tower  
  147  13:20  Cyclone x2  
  147  13:25  Command Center, Hellion x2  
  157  13:32  Siege Tank  
  159  13:43  Banshee  
  159  13:46  Hellion  
  159  13:47  Hellion  
  164  13:52  Viking x2, Banshee  
  164  13:53  Siege Tank  
  171  14:05  Factory Tech Lab  
  171  14:08  Hellion  
  176  14:11  Factory Tech Lab  
  176  14:15  Corvid Reactor  
  176  14:18  Terran Vehicle Weapons Level 2  
  176  14:22  Viking x2  
  180  14:26  Viking  
  182  14:33  Thor  
  182  14:35  Viking  
  184  14:51  Viking  
  184  14:52  Viking  
  185  14:56  Viking  
  186  15:05  Viking  
  140  15:21  Viking  
  140  15:22  Viking, Thor  
  140  15:25  Viking, Cyclone  
  147  15:35  Viking, Hellion  
  134  15:38  Hellion  
  110  15:50  SCV x4  
  110  15:51  Viking x2  
  110  15:55  Viking  
  112  16:02  Hellion, Siege Tank  
  115  16:04  Hellion  
  115  16:05  Viking, Hellion x3  
  102  16:21  Viking x2  
  102  16:23  Hellion  
  88  16:25  Viking  
  88  16:34  Hellion  
  88  16:35  Banshee  
  90  16:45  Hellion  
  92  16:48  Cyclone x4  
  94  16:59  Planetary Fortress  
  94  17:03  Banshee  
  95  17:16  Terran Vehicle Weapons Level 3, Missile Turret  
  95  17:18  Refinery  
  95  17:19  Refinery, Banshee x2  
  95  17:21  Cyclone x3  
  110  17:22  Factory Tech Lab  
  110  17:36  Sensor Tower  
  110  17:43  SCV  
  110  17:44  SCV x3  
  114  17:53  Cyclone x2  
  114  17:54  Cyclone  
  123  17:59  Cyclone, Orbital Command  
  123  18:05  Hellion x2  
  130  18:06  Banshee x3  
  139  18:25  Cyclone  
  139  18:26  Hellion, Cyclone x2  
  139  18:27  SCV x2, Hellion  
  152  18:28  SCV  
  152  18:31  Hellion  
  157  18:35  SCV x2  
  159  18:48  Hellion  
  155  18:54  Siege Tank  
  149  18:58  Siege Tank x2  
  152  19:28  Siege Tank  
  152  19:29  Siege Tank  
  152  19:30  Siege Tank  
  158  19:43  Siege Tank  
  158  19:44  Hellion x2  
  95  20:00  Siege Tank  
  95  20:01  Siege Tank  
  95  20:02  Siege Tank  
  95  20:05  Hellion x2  
  97  20:15  Hellion  
Show
View Real Time Build Order
Export as new Build Order

RNK Zerg - Winner!

Build Orders: Hatch First, Muta Ling Bane 

Get SALT Encoding   

  12  0:00  Drone  
  13  0:12  Overlord  
  13  0:16  Drone  
  14  0:31  Drone x2  
  16  0:48  Hatchery  
  15  0:51  Drone  
  15  0:54  Drone  
  17  0:58  Drone  
  18  1:09  Extractor  
  17  1:13  Spawning Pool  
  17  1:16  Drone  
  17  1:20  Drone  
  18  1:28  Drone  
  19  1:40  Overlord  
  19  2:00  Queen x2, Zergling x2  
  19  2:01  Zergling x2, Drone  
  26  2:11  Drone x2  
  28  2:25  Hatchery  
  28  2:28  Drone x2  
  29  2:33  Drone x2  
  31  2:40  Queen  
  33  2:46  Overlord  
  33  2:51  Metabolic Boost  
  33  2:55  Drone x2  
  34  3:00  Overlord  
  34  3:05  Drone x2  
  36  3:10  Queen  
  38  3:15  Drone x2  
  41  3:20  Drone x2  
  41  3:24  Queen  
  44  3:29  Drone x2  
  46  3:37  Queen, Drone  
  46  3:38  Drone  
  46  3:41  Overlord  
  50  3:47  Queen  
  52  3:50  Zergling x4  
  52  3:51  Zergling x2  
  52  3:53  Zergling x2  
  57  3:55  Drone  
  57  3:56  Drone  
  57  4:00  Overlord  
  58  4:03  Drone x2  
  58  4:05  Drone x2  
  62  4:11  Overlord, Drone  
  62  4:12  Drone  
  62  4:13  Drone  
  65  4:18  Queen  
  65  4:20  Drone  
  65  4:21  Extractor, Drone  
  68  4:25  Zergling x2  
  68  4:26  Zergling x4  
  68  4:28  Overlord  
  71  4:32  Overlord, Drone  
  71  4:33  Drone  
  71  4:35  Drone  
  71  4:36  Drone  
  71  4:37  Drone  
  76  4:45  Overlord x2  
  76  4:48  Lair  
  76  4:49  Drone x2  
  78  4:53  Drone x2  
  78  4:58  Spore Crawler  
  78  4:59  Spore Crawler  
  77  5:00  Spore Crawler, Drone x2  
  77  5:02  Drone  
  77  5:03  Drone  
  80  5:11  Drone  
  80  5:13  Evolution Chamber, Drone  
  80  5:14  Drone x2  
  82  5:17  Evolution Chamber  
  82  5:19  Drone  
  82  5:20  Extractor  
  82  5:21  Extractor, Drone x2  
  81  5:22  Extractor, Drone x3  
  81  5:23  Extractor  
  81  5:28  Zergling x8  
  86  5:38  Zergling x6  
  86  5:39  Zergling x6  
  84  5:44  Drone x2  
  84  5:45  Drone  
  84  5:47  Drone x2  
  84  5:51  Drone  
  84  5:53  Drone  
  84  5:56  Drone, Overseer  
  86  5:57  Drone x3  
  86  5:58  Drone  
  90  6:04  Queen  
  90  6:06  Spire, Drone x2  
  90  6:08  Drone  
  94  6:16  Drone  
  94  6:20  Zergling x4, Hydralisk Den  
  94  6:22  Hatchery  
  94  6:27  Zerg Ground Armor Level 1, Zerg Melee Weapons Level 1  
  94  6:30  Overlord x3  
  94  6:37  Overlord  
  94  6:38  Zergling x6  
  97  6:48  Drone  
  97  6:51  Spine Crawler  
  97  6:52  Zergling x2  
  97  6:53  Zergling x12  
  104  6:54  Overlord  
  104  7:16  Grooved Spines  
  104  7:17  Mutalisk x10  
  124  7:29  Drone x4  
  129  7:30  Drone  
  129  7:37  Baneling Nest  
  129  7:38  Drone x2  
  129  7:39  Drone x5  
  129  7:40  Spore Crawler  
  129  7:42  Overlord x3  
  129  7:44  Hydralisk x4  
  134  7:47  Extractor  
  134  7:49  Infestation Pit  
  134  7:50  Hydralisk  
  142  7:52  Overlord  
  142  7:55  Overlord, Extractor  
  142  7:57  Overlord  
  141  8:01  Hydralisk x3  
  141  8:03  Pneumatized Carapace, Overseer  
  147  8:11  Hydralisk x3  
  147  8:12  Zergling x6  
  156  8:13  Zergling x2  
  156  8:14  Zergling x2  
  156  8:15  Zergling x2  
  157  8:25  Centrifical Hooks  
  157  8:27  Zerg Missile Weapons Level 1  
  157  8:28  Drone x3  
  157  8:29  Drone x2  
  162  8:36  Hive  
  162  8:37  Muscular Augments  
  162  8:40  Drone x3  
  165  8:46  Hatchery  
  165  8:47  Baneling x5  
  164  8:48  Overlord  
  164  8:50  Overlord  
  164  8:55  Zerg Melee Weapons Level 2  
  164  8:56  Drone x2  
  164  8:58  Hydralisk, Zergling x2  
  164  8:59  Spore Crawler x2, Zergling x2  
  168  9:05  Drone  
  168  9:06  Spore Crawler, Drone  
  169  9:11  Hydralisk x4  
  169  9:13  Spore Crawler  
  169  9:16  Zergling x10  
  181  9:22  Zergling x12  
  185  9:26  Baneling x10  
  185  9:32  Pathogen Glands, Burrow  
  185  9:38  Drone x2  
  185  9:45  Zergling x20  
  197  9:49  Spore Crawler  
  197  9:50  Spore Crawler  
  188  9:54  Baneling x12  
  188  9:55  Baneling x3  
  188  9:56  Zergling x8  
  190  10:03  Zergling x16  
  195  10:14  Drone x4  
  198  10:20  Adrenal Glands  
  193  10:21  Baneling  
  193  10:22  Baneling x9  
  193  10:26  Baneling x8  
  193  10:29  Zergling x12  
  193  10:32  Baneling x12  
  193  10:33  Baneling x3  
  196  10:38  Zergling x12  
  196  10:39  Zergling x2  
  177  10:43  Zergling x12  
  177  10:48  Viper  
  184  10:52  Zergling x2  
  184  10:53  Zergling x10  
  190  11:04  Hydralisk, Zergling x2  
  179  11:05  Zergling x8  
  179  11:09  Drone x3  
  180  11:12  Drone x2  
  180  11:13  Hatchery  
  180  11:15  Drone  
  180  11:16  Drone x3  
  180  11:18  Overseer  
  181  11:23  Zergling x12  
  187  11:28  Viper x2  
  187  11:29  Viper  
  187  11:32  Zergling x4  
  196  11:35  Baneling x6  
  196  11:36  Overseer  
  196  11:44  Hydralisk  
  196  11:45  Zergling x8  
  200  11:48  Greater Spire  
  200  11:58  Overlord x2  
  199  12:23  Drone x3  
  199  12:24  Hydralisk  
  199  12:25  Zergling x12, Unknown  
  199  12:27  Evolution Chamber  
  199  12:28  Evolution Chamber  
  199  12:29  Zergling x2  
  193  12:30  Zergling x14  
  196  12:42  Corruptor x2  
  196  12:43  Corruptor x7  
  187  12:47  Viper x2  
  178  12:59  Drone x5  
  178  13:00  Zerg Melee Weapons Level 3, Zerg Missile Weapons Level 2  
  178  13:04  Drone x2  
  184  13:15  Spore Crawler  
  182  13:20  Extractor  
  182  13:23  Spore Crawler  
  182  13:25  Extractor  
  182  13:26  Brood Lord x5  
  189  13:31  Drone x3  
  189  13:32  Brood Lord  
  189  13:33  Overlord  
  191  13:35  Spine Crawler  
  191  13:36  Spine Crawler  
  191  13:37  Spine Crawler  
  191  13:40  Brood Lord  
  175  13:51  Brood Lord  
  175  13:53  Brood Lord  
  175  13:55  Hydralisk  
  178  13:58  Hydralisk, Zergling x6  
  178  13:59  Zergling x8  
  178  14:02  Overseer x2  
  189  14:05  Hatchery  
  189  14:06  Hydralisk x2  
  189  14:07  Hydralisk  
  194  14:15  Hydralisk x2  
  199  14:19  Baneling x5  
  199  14:20  Baneling x7  
  199  14:27  Zerg Flyer Weapons Level 1  
  199  14:29  Hatchery  
  198  14:35  Spine Crawler  
  198  14:36  Spine Crawler x2  
  198  14:37  Spine Crawler  
  198  14:38  Hydralisk x3  
  196  14:40  Spore Crawler  
  196  14:41  Spore Crawler  
  198  14:52  Hydralisk  
  198  14:58  Overseer  
  196  15:10  Hatchery  
  191  15:16  Hatchery, Hydralisk  
  191  15:17  Hydralisk x8  
  191  15:20  Zergling x2  
  187  15:21  Zergling x2  
  187  15:22  Zergling x24  
  176  15:37  Hydralisk  
  176  15:38  Zergling x24  
  176  15:40  Overseer  
  173  15:43  Hydralisk  
  173  15:45  Zergling x2  
  164  15:55  Zergling x8  
  123  16:24  Hydralisk x10  
  138  16:26  Zergling x2  
  120  16:43  Viper  
  120  16:44  Viper x3  
  120  16:45  Viper  
  131  17:00  Hatchery  
  130  17:11  Viper  
  130  17:13  Hydralisk x2  
  130  17:14  Hydralisk  
  139  17:19  Hydralisk  
  139  17:20  Hydralisk  
  143  17:27  Overseer x2  
  143  17:28  Hydralisk x2, Overseer  
  143  17:29  Hydralisk  
  149  17:38  Hydralisk x2  
  149  17:39  Hydralisk x2  
  149  17:40  Zergling x2  
  157  17:46  Zerg Missile Weapons Level 3  
  157  17:47  Hydralisk  
  157  17:48  Zergling x2  
  158  18:00  Hydralisk  
  158  18:01  Hydralisk x3  
  165  18:10  Hydralisk  
  165  18:11  Hydralisk x2  
  168  18:17  Zergling x6  
  157  18:28  Hydralisk x3  
  157  18:32  Overseer  
  163  18:35  Baneling  
  163  18:36  Baneling x8  
  163  18:42  Hydralisk  
  163  18:43  Zergling x4  
  164  18:51  Overlord  
  164  18:52  Hydralisk  
  164  18:53  Zergling x2  
  165  18:56  Overseer  
  165  18:57  Overseer  
  165  19:00  Zergling x2  
  165  19:01  Zergling x4  
  168  19:10  Hydralisk  
  168  19:11  Zergling x10  
  172  19:20  Hydralisk x2  
  167  19:27  Hatchery  
  159  19:35  Overseer  
  156  19:43  Hydralisk x3  

Tags
 
Add a new tag
Caveats
  • Supply blocks, unpowered buildings, or Contaminate may cause inaccurate times.
  • Supply counts are checked every 10 seconds.